 Dungeon Crawl Stone Soup version 0.28-a0-1147-gc7b72d3202 (webtiles) character file.

Game seed: 12777402755247890567

14994 Htamos the Fighter (level 12, -7/107 HPs)
             Began as a Formicid Venom Mage on Dec 14, 2021.
             Was a High Priest of Okawaru.
             Mangled by an ettin (41 damage)
             ... on level 10 of the Dungeon.
             The game lasted 00:54:02 (21063 turns).

Htamos the Fighter (Formicid Venom Mage)           Turns: 21063, Time: 00:54:03

Health: -7/107     AC:  9    Str: 13    XL:     12   Next: 52%
Magic:  15/23      EV: 12    Int: 18    God:    Okawaru [*****.]
Gold:   630        SH:  6    Dex: 11    Spells: 16/26 levels left

rFire   . . .      SeeInvis +   H - +1 demon whip
rCold   + . .      Faith    .   h - +1 buckler
rNeg    . . .      Spirit   .   O - +0 steam dragon scales
rPois   .          Reflect  .   (helmet unavailable)
rElec   .          Harm     .   (no cloak)
rCorr   .          Rampage  .   (no gloves)
Will    +....                   (no boots)
Stlth   ++........              (no amulet)
HPRegen 0.27/turn               f - +4 ring of protection
MPRegen 0.18/turn               I - ring of protection from cold

@: no status effects
A: permanent stasis, dig shafts and tunnels, antennae 3, four strong arms, sense
surroundings 1, weak 1
a: Dig, Shaft Self, Renounce Religion, Heroism, Finesse, Duel


You were on level 10 of the Dungeon.
You worshipped Okawaru.
Okawaru was extremely pleased with you.
You visited 3 branches of the dungeon, and saw 14 of its levels.
You also visited: Ossuary.

You collected 835 gold pieces.
You spent 205 gold pieces at shops.

Inventory:

Hand Weapons
 t - the +4 hunting sling "Kaifoq" {speed, rElec}
   (You found it on level 5 of the Dungeon)

   Attacks with this weapon are significantly faster.
   rElec:     It insulates you from electricity.
 D - a +3 dagger of speed
 E - a +0 morningstar
 H - a +1 demon whip (weapon)
 M - the +9 short sword "Fetsupaj" {freeze, *Slow rC+ Int+2}
   (You found it on level 10 of the Dungeon)

   It freezes those it strikes, dealing additional cold damage.
   It can also slow down cold-blooded creatures.
   Int:       It affects your intelligence (+2).
   rC:        It protects you from cold.
   *Slow:     It may slow you when you take damage.
Missiles
 x - 4 throwing nets
 J - 3 atropa-tipped darts
 S - 3 datura-tipped darts
Armour
 a - a +0 robe
 e - a +0 chain mail
 h - a +1 buckler (worn)
 o - a +0 kite shield
 s - a +0 leather armour
 A - a +0 plate armour
 B - a +0 scale mail
 F - a +0 ring mail
 G - the -8 tower shield "Fyeblin" {Harm Str-3 Int+8}
   (Okawaru gifted it to you on level 1 of the Orcish Mines)

   Str:       It affects your strength (-3).
   Int:       It affects your intelligence (+8).
   Harm:      It increases damage dealt and taken.
 O - +0 steam dragon scales (worn)
 R - a scarf of harm
Magical Staves
 j - a staff of poison
Jewellery
 f - a +4 ring of protection (left hand)
 p - a +4 ring of protection
 u - a +4 ring of protection
 v - a ring of poison resistance
 y - a ring of magical power
 I - a ring of protection from cold (right hand)
 Q - a ring of protection from fire
Wands
 k - a wand of digging (4)
 z - a wand of iceblast (14)
 N - a wand of flame (16)
Scrolls
 b - 7 scrolls of noise
 d - a scroll of torment
 i - a scroll of fog
 n - a scroll of vulnerability {unknown}
 C - a scroll of holy word
 K - a scroll of identify {@rr}
 P - a scroll of amnesia
Potions
 c - 3 potions of flight
 g - 6 potions of haste
 l - 7 potions of attraction
 m - 3 potions of brilliance
 q - a potion of magic
 r - 5 potions of curing {@qc}
 w - 2 potions of heal wounds
 L - a potion of ambrosia


   Skills:
 + Level 14.1 Fighting
 + Level 7.2 Maces & Flails
 - Level 0.4 Armour
 - Level 1.8 Dodging
 - Level 2.4 Stealth
 + Level 6.0 Shields
 * Level 7.8 Spellcasting
 - Level 1.1 Transmutations
 - Level 12.0 Poison Magic


You had 16 spell levels left.
You knew the following spells:

 Your Spells              Type           Power      Damage    Failure   Level
a - Sting                 Tmut/Pois      100%       1d8       1%          1
b - Poisonous Vapours     Pois/Air       56%        N/A       1%          2
c - Olgreb's Toxic Radia  Pois           50%        N/A       1%          4
d - Mephitic Cloud        Conj/Pois/Air  21%        N/A       6%          3

Your spell library contained the following spells:

 Spells                   Type           Power      Damage    Failure   Level
 Spider Form              Tmut/Pois      30%        N/A       1%          3
 Beastly Appendage        Tmut           22%        N/A       6%          1
 Apportation              Tloc           14%        N/A       10%         1
 Freeze                   Ice            28%        1d5       10%         1
 Wereblood                Tmut           11%        N/A       10%         2
 Alistair's Intoxication  Tmut/Pois      20%        N/A       19%         5
 Frozen Ramparts          Ice            14%        1d3       30%         3
 Stone Arrow              Conj/Erth      14%        3d7       30%         3
 Hailstorm                Conj/Ice       7%         3d4       69%         4
 Lehudib's Crystal Spear  Conj/Erth      3%         10d3      100%        8
 Animate Armour           Summ/Erth      Unusable   N/A       N/A         4

Dungeon Overview and Level Annotations

Branches:
Dungeon (12/15)            Temple (1/1) D:4            Lair (0/6) D:9
    Orc (1/2) D:10        Ossuary (visited)

Altars:
Ashenzari
Cheibriados
Dithmenos
Elyvilon
Fedhas
Gozag
Hepliaklqana
Kikubaaqudgha
Makhleb
Okawaru
Qazlal
Ru
Sif Muna
Trog
Uskayaw
Vehumet
Wu Jian
Xom
Yredelemnul
Zin
The Shining One

Shops:
D:6 =***?*

Annotations:
D:2 exclusion: sensed monster (detected)
D:6 exclusions: cyclops, ice beast and 3 more exclusions


Innate Abilities, Weirdness & Mutations

You cannot be hasted, slowed, berserked, paralysed or teleported.
You can dig through walls and to a lower floor.
You have a pair of large antennae on your head. (SInv)
Your four strong arms can wield two-handed weapons with a shield.
You passively map a small area around you.
You are weak. (Str -2)


Message History

Things that are here:
a +0 robe; a +0 dagger
Things that are here:
a +0 giant club; a +0 flail; a gnoll skeleton
Casting: Poisonous Vapours (safe; 1% risk of failure)
Confirm with . or Enter, or press ? or * to list all spells.
You begin to radiate toxic energy.
The ettin looks even sicker.
The ettin looks as sick as possible!
Your toxic aura wanes.
There is a staircase back to the Dungeon, spattered with blood here.
You block the ettin's attack.
The ettin hits you with a +0 dire flail.
You climb upwards.
Welcome back to the Dungeon!
There is a staircase to the Orcish Mines here.
Things that are here:
a +0 hand axe; a potion of degeneration
Casting: Olgreb's Toxic Radiance (mildly dangerous; 1% risk of failure)
Confirm with . or Enter, or press ? or * to list all spells.
Aiming: Mephitic Cloud (mildly dangerous; 6% risk of failure)
Press: ? - help, Shift-Dir - straight line, f - ettin
Aim: an ettin, wielding two +0 dire flails (heavily wounded, very poisoned, chance to affect: 43%)
The ball explodes into a vile cloud!
The stinking cloud engulfs the ettin but does no damage.
The ettin is heavily wounded.
The ettin is engulfed in noxious fumes.
The ettin hits you with a +0 dire flail!!
The ettin hits you with a +0 dire flail!!!
* * * LOW HITPOINT WARNING * * *
The ettin is engulfed in noxious fumes.
The ettin hits you with a +0 dire flail!
* * * LOW HITPOINT WARNING * * *
The ettin hits you with a +0 dire flail!
* * * LOW HITPOINT WARNING * * *
Unknown command.
You hit the ettin.
The ettin is heavily wounded.
Unknown command.
You feel much better. The ettin barely misses you.
The ettin hits you with a +0 dire flail!!!
You die...

#.# #..########## #.## #
############################## #
'.#...)......)..............# #
#.#................)..[..#..# #
#.#...>)........).....)..#..###
#.........)[.)°...[[.)...[.[..#
#....)...........##...)).)).#.#
#≈....#.........C....[!.....#.###
#.≈...#...).....@....[......#....
#################################
.# #.#.##### .# ###.......# .#
##....#....#########
.####..................#
..)).......###########.######
.####.....## #.....[..# .#
##.#.###########.#.####.#####


You could see an ettin (poisoned).

Vanquished Creatures
  An orc warlord (D:10)
  Harold (D:7)
  2 boulder beetles
  2 two-headed ogres
  Pikel (D:6)
  A manticore (D:11)
  A gargoyle (D:11)
  5 kobold demonologists
  A troll (D:10)
  Prince Ribbit (D:9)
  2 hornets
  3 wraiths
  3 wyverns
  8 yaks
  A basilisk (D:9)
  4 steam dragons
  5 water moccasins
  5 orc warriors
  A swamp drake (D:10)
  2 black bears
  4 ice beasts
  A sky beast (D:6)
  3 ogres
  A necrophage (D:6)
  2 centaurs
  3 kobold brigands
  2 elf zombies (Ossuary)
  Blork the orc (D:4)
  2 bullfrogs
  2 gnoll sergeants
  A scorpion (D:9)
  3 water moccasin zombies
  3 jellies
  A water moccasin skeleton (D:5)
  3 killer bees (D:9)
  8 wights
  3 centaur zombies
  7 orc priests
  2 hounds
  A human zombie (Ossuary)
  A bullfrog skeleton (D:5)
  A scorpion zombie (D:5)
  8 orc wizards
  3 iguanas
  A killer bee zombie (D:8)
  A hound skeleton (D:4)
  2 mummies (Ossuary)
  A howler monkey zombie (D:5)
  A howler monkey skeleton (D:6)
  16 gnolls
  6 adders
  A shadow imp (D:6)
  2 white imps
  An ufetubus (D:5)
  2 adder zombies (Ossuary)
  A worm (D:2)
  7 dart slugs
  45 orcs
  9 ball pythons
  11 endoplasms
  7 giant cockroaches
  8 goblins
  8 hobgoblins
  6 quokkas
  8 bats
  4 frilled lizards
  A goblin zombie (Ossuary)
  10 hobgoblin zombies (Ossuary)
  A jackal zombie (Ossuary)
  21 kobolds
  12 kobold zombies (Ossuary)
  6 orc zombies (Ossuary)
  4 rats
  A rat zombie (Ossuary)
320 creatures vanquished.

Vanquished Creatures (others)
  3 fungi (D:9)
  18 plants
21 creatures vanquished.

Grand Total: 341 creatures vanquished

Notes
Turn   | Place    | Note
-------+----------+-------------------------------------------
     0 | D:1      | Htamos the Formicid Venom Mage began the quest for the Orb.
     0 | D:1      | Reached XP level 1. HP: 13/13 MP: 3/3
    12 | D:1      | Found a faded altar of an unknown god.
   278 | D:1      | Reached XP level 2. HP: 18/20 MP: 0/5
   337 | D:1      | Reached skill level 1 in Fighting
   511 | D:1      | Reached XP level 3. HP: 26/26 MP: 3/6
  1218 | D:1      | Reached skill level 2 in Fighting
  1218 | D:1      | Reached skill level 1 in Shields
  1549 | D:2      | Reached XP level 4. HP: 33/33 MP: 5/8
  1581 | D:2      | Learned a level 2 spell: Poisonous Vapours
  1586 | D:2      | Learned a level 4 spell: Olgreb's Toxic Radiance
  2801 | D:3      | You fall into a shaft and drop 3 floors!
  2824 | D:6      | Reached XP level 5. HP: 39/39 MP: 9/9
  2849 | D:6      | Noticed an ogre
  2906 | D:6      | Found Etteasil's Magic Scroll Shop.
  2906 | D:6      | Noticed a cyclops
  3097 | D:6      | Found Socrim's Assorted Antiques.
  3209 | D:5      | Entered Level 5 of the Dungeon
  3268 | D:5      | Identified the +4 hunting sling "Kaifoq" {speed, rElec}
  3304 | D:5      | Reached skill level 3 in Fighting
  3304 | D:5      | Reached skill level 5 in Poison Magic
  3522 | D:5      | Reached XP level 6. HP: 29/48 MP: 10/10
  3664 | D:5      | Reached skill level 4 in Fighting
  4009 | D:4      | Reached XP level 7. HP: 49/55 MP: 2/12
  4602 | D:3      | Found an opulent altar of Gozag.
  5002 | D:3      | Reached skill level 5 in Fighting
  5125 | D:3      | Learned a level 3 spell: Mephitic Cloud
  5441 | D:4      | Found a staircase to the Ecumenical Temple.
  5549 | Temple   | Entered the Ecumenical Temple
  5613 | Temple   | Became a worshipper of Warmaster Okawaru
  5739 | D:4      | Noticed Blork the orc
  5753 | D:4      | Killed Blork the orc
  6247 | D:5      | Reached skill level 6 in Fighting
  6247 | D:5      | Reached XP level 8. HP: 45/64 MP: 5/14
  7497 | D:5      | Reached * piety under Okawaru
  7534 | D:5      | Reached skill level 7 in Fighting
  8118 | D:6      | Found Naomeoxo's Lightly-Used Armoury.
  8120 | D:6      | Found a hide-covered altar of Uskayaw.
  8121 | D:6      | Noticed Pikel
  8146 | D:6      | Killed Pikel
  8147 | D:6      | Reached skill level 8 in Fighting
  8147 | D:6      | Reached XP level 9. HP: 73/75 MP: 5/15
  8253 | D:6      | Reached skill level 9 in Fighting
  8596 | D:6      | Bought a -2 demon whip for 70 gold pieces
  9090 | D:6      | Found Ilaucs's General Store.
  9149 | D:6      | Found Arocuf's Jewellery Shoppe.
  9444 | D:6      | Found Toirut's Assorted Antiques.
  9502 | D:6      | Bought a runed agate ring for 135 gold pieces
  9940 | D:7      | Reached skill level 10 in Fighting
 10055 | D:7      | Reached ** piety under Okawaru
 10376 | D:7      | Found a sand-covered staircase.
 10386 | Ossuary  | Entered an ossuary
 10926 | Ossuary  | Reached skill level 1 in Maces & Flails
 11548 | D:7      | Reached skill level 10 in Poison Magic
 11710 | D:7      | Reached XP level 10. HP: 82/86 MP: 16/16
 11776 | D:7      | Found a shimmering altar of Xom.
 12108 | D:8      | Reached skill level 11 in Fighting
 12169 | D:8      | Noticed Harold
 12558 | D:7      | Killed Harold
 12558 | D:7      | Reached *** piety under Okawaru
 12813 | D:8      | Found a shadowy altar of Dithmenos.
 13511 | D:8      | Noticed a six-headed hydra
 13511 | D:8      | Noticed a gargoyle
 13843 | D:9      | Reached skill level 12 in Fighting
 14677 | D:8      | Reached XP level 11. HP: 41/96 MP: 11/17
 14895 | D:9      | Found a staircase to the Lair.
 15033 | D:9      | Reached **** piety under Okawaru
 15223 | D:9      | Noticed Prince Ribbit
 15237 | D:9      | Killed Prince Ribbit
 15389 | D:9      | Reached skill level 5 in Maces & Flails
 15503 | D:9      | Found a glowing silver altar of Zin.
 15521 | D:9      | Noticed a two-headed ogre
 15594 | D:9      | Killed a two-headed ogre
 15595 | D:9      | Reached skill level 13 in Fighting
 15698 | D:9      | Found a stormy altar of Qazlal.
 15814 | D:9      | Found a sacrificial altar of Ru.
 15904 | D:9      | Found a radiant altar of Vehumet.
 16526 | D:10     | Entered Level 10 of the Dungeon
 16614 | D:10     | Found Lhen's Luxury Loot.
 17644 | D:10     | Reached skill level 5 in Spellcasting
 17775 | D:10     | Found a staircase to the Orcish Mines.
 18050 | D:10     | Identified the +9 short sword "Fetsupaj" {freeze, *Slow rC+
                  | Int+2}
 18077 | Orc:1    | Entered Level 1 of the Orcish Mines
 18077 | Orc:1    | Noticed an orc warlord
 18544 | D:10     | Gained mutation: You are weak. (Str -2) [potion of
                  | mutation]
 18544 | D:10     | Gained mutation: You passively map a small area around you.
                  | [potion of mutation]
 18559 | D:11     | Reached ***** piety under Okawaru
 18797 | D:11     | Noticed a boulder beetle
 18812 | D:11     | Killed a boulder beetle
 18823 | D:11     | Noticed a two-headed ogre
 18871 | D:10     | Killed a two-headed ogre
 18872 | D:10     | Reached XP level 12. HP: 100/106 MP: 10/21
 19310 | D:11     | Found a faded altar of an unknown god.
 19547 | D:11     | Reached skill level 5 in Shields
 19760 | D:11     | Noticed a sun demon
 20324 | D:12     | Noticed a six-headed hydra
 20444 | D:10     | Killed an orc warlord
 20445 | D:10     | Reached skill level 14 in Fighting
 20812 | Orc:1    | Noticed a boulder beetle
 20834 | Orc:1    | Killed a boulder beetle
 20834 | Orc:1    | Identified the -8 tower shield "Fyeblin" {Harm Str-3 Int+8}
                  | (Okawaru gifted it to you on level 1 of the Orcish Mines)
 20834 | Orc:1    | Received a gift from Okawaru
 21026 | Orc:1    | Noticed an ettin
 21063 | D:10     | Mangled by an ettin

Illustrated notes

Levels and vault maps discovered:
D:1:      psy_arrival_whirlpool, layout_rooms,
          ebering_ecumenical_altar_abandoned, chequers_serial_rivers_large_a,
          minmay_misc_feat_square, minivault_25, nicolae_figureground_pulse
D:2:      layout_basic, wander_ebering_terrifying_dragon_lair
D:3:      layout_loops_cross, grunt_gozag_statues, serial_forest,
          infiniplex_forest_pool, infiniplex_forest_end_1,
          infiniplex_forest_zigzag_1, infiniplex_forest_straight_4,
          infiniplex_forest_clump_diagonal, corner_web_ring
D:4:      layout_loops_ring, minmay_temple_entry_hall,
          kennysheep_generic_room_3, uniq_blork_the_orc
D:5:      layout_basic, minmay_diced_spiral
D:6:      layout_basic, nemelex_dance_club_becter,
          nicolae_uskayaw_murder_on_the_dancefloor, serial_shops,
          nicolae_shop_stone, shop, nicolae_shop_overgrown_old_shop,
          kennysheep_mini_moat, shop, mrwooster_statue_mirror,
          minmay_shop_damaged, uniq_pikel
D:7:      layout_basic, tgw_xom, nicolae_ossuary_entry_monument,
          minmay_misc_feat_secret_circle, due_unseen_surprise
D:8:      layout_cave_pools, nicolae_dithmenos_through_a_glass_darkly,
          lightli_corner_chamber, uniq_harold
D:9:      layout_basic, mainiacjoe_overflow_six_doors_small,
          mainiacjoe_overflow_catch_the_wave, mainiacjoe_overflow_24_doors,
          minmay_lair_entry_grove, blue_anna_alchemist, uniq_prince_ribbit1
D:10:     layout_loops_ring, erik_orc_1, chequers_serial_rivers_micro_b,
          nicolae_alphabet_shops
D:11:     layout_irregular_city, serial_column_ruins, column_ruins_temple_hut,
          column_ruins_corridor_dead_end, column_ruins_open_tiny,
          column_ruins_open_large
D:12:     layout_loops_corners, uniq_urug
Temple:   nicolae_temple_god_jail
Orc:1:    layout_caves, rock_pile

Skill      XL: |  1  2  3  4  5  6  7  8  9 10 11 12 |
---------------+-------------------------------------+-----
Fighting       | 1 2 3 4 6 8 10 12 13 14 | 14.1
Shields        | 1 2 4 6 |  6.0
Poison Magic   | 5 6 8 10 11 12 | 12.0
Spellcasting   | 3 4 6 7 |  7.8
Maces & Flails | 1 4 6 7 |  7.2
Armour         | |  0.4
Dodging        | |  1.8
Stealth        | |  2.4
Transmutations | |  1.1

Action                   |  1- 3 |  4- 6 |  7- 9 | 10-12 || total
-------------------------+-------+-------+-------+-------++-------
Melee: Short sword       |    22 |       |       |       ||    22
       Whip              |    24 |    83 |   315 |       ||   422
       Hand axe          |       |    12 |    11 |       ||    23
       Dagger            |       |       |    20 |       ||    20
       Demon whip        |       |       |   188 |   327 ||   515
 Cast: Sting             |    55 |    57 |   120 |    59 ||   291
       Poisonous Vapours |       |    12 |    38 |   110 ||   160
       Olgreb's Toxic Ra |       |       |     3 |    41 ||    44
       Mephitic Cloud    |       |       |       |     7 ||     7
Invok: Heroism           |       |       |     2 |     8 ||    10
Evoke: Wand              |       |       |     4 |     9 ||    13
  Use: Scroll            |       |     6 |     7 |     3 ||    16
       Potion            |       |     1 |    10 |     9 ||    20
 Stab: Sleeping          |       |       |     3 |       ||     3
       Invisible         |       |       |     8 |       ||     8
Armor: Robe              |    26 |    34 |    38 |       ||    98
       Leather armour    |       |       |   195 |     6 ||   201
       Chain mail        |       |       |     8 |       ||     8
       Steam dragon scal |       |       |       |    75 ||    75
       Skin              |       |       |       |     5 ||     5
Dodge: Dodged            |    61 |    88 |   292 |   169 ||   610
Block: Buckler           |       |       |    94 |    86 ||   180
       Kite shield       |       |       |     8 |       ||     8

Table legend: (Time is in decaauts)
 A = Elapsed time spent in this place.
 B = Non-inter-level travel time spent in this place.
 C = Inter-level travel time spent in this place.
 D = Time resting spent in this place.
 E = Time spent auto-exploring this place.
 F = Levels seen in this place.
 G = Mean time per level.
                   A        B        C        D        E       F      G
               +--------+--------+--------+--------+--------+-----+--------+
         Total |  21082 |  20323 |    759 |   4407 |  10881 |  15 | 1405.5 |
       Dungeon |  19790 |  19060 |    730 |   4369 |  10153 |  12 | 1649.2 |
        Temple |     73 |     44 |     29 |      0 |     32 |   1 |   73.0 |
  Orcish Mines |    325 |    325 |      0 |      0 |    232 |   1 |  325.0 |
       Ossuary |    893 |    893 |      0 |     38 |    464 |   1 |  893.0 |
               +--------+--------+--------+--------+--------+-----+--------+

Top non-repeatable levels by time:
    D:10: 2464 daAuts
     D:6: 2271 daAuts
     D:7: 2234 daAuts
     D:5: 1967 daAuts
     D:9: 1818 daAuts
     D:4: 1776 daAuts
    D:11: 1659 daAuts
     D:8: 1656 daAuts
     D:1: 1350 daAuts
     D:3: 1338 daAuts
     D:2: 1210 daAuts
 Ossuary: 893 daAuts
   Orc:1: 325 daAuts
  Temple: 73 daAuts
    D:12: 42 daAuts
